 Dungeon Crawl Stone Soup version 0.16-a0-4048-g245e628 (webtiles) character file.

3 timbw the Caller (level 1, -2/7 HPs)
             Began as a Felid Summoner on Feb 19, 2015.
             Slain by an adder (4 damage)
             ... on level 2 of the Dungeon.
             The game lasted 00:00:59 (169 turns).

timbw the Caller (Felid Summoner)                    Turns: 169, Time: 00:00:59

Health: -2/7       AC:  1    Str:  4    XL:     1   Next: 41%
Magic:  0/4        EV: 18    Int: 16    God:
Gold:   0          SH:  0    Dex: 16    Spells: 1 memorised, 3 levels left
                                        Lives:  0   Deaths: 0

rFire  . . .     SeeInvis +     (weapon unavailable)
rCold  . . .     Clarity  .     (armour unavailable)
rNeg   . . .     SustAb   .     (shield unavailable)
rPois  .         Gourm    .     (helmet unavailable)
rElec  .         Spirit   .     (cloak unavailable)
rCorr  .         Warding  .     (gloves unavailable)
rMut   .         Stasis   .     (boots unavailable)
MR     .....                    (no amulet)
Stlth  +++.......               (no ring)
                                (no ring)

@: lethally poisoned (-2 -> -14), very slightly contaminated, quick, not
resistant to hostile enchantments, fairly stealthy
A: paw claws, no armour, no weapons or thrown items, fangs 3, see invisible,
carnivore 3, speed 1, shaggy fur 1, slow metabolism 1, sharp paws
a: no special abilities


You were on level 2 of the Dungeon.
You were full.

You visited 1 branch of the dungeon, and saw 2 of its levels.

Inventory:

Scrolls
 e - a scroll of fog {unknown}
 f - a scroll of immolation {unknown}
 g - a scroll of remove curse {unknown}
Books
 b - a book of Callings

   Spells                             Type                      Level
   a - Summon Small Mammal            Summoning                    1
   b - Call Imp                       Summoning                    2
   c - Call Canine Familiar           Summoning                    3
   d - Summon Guardian Golem          Hexes/Summoning              4
   e - Summon Lightning Spire         Summoning/Air                4
   f - Summon Ice Beast               Ice/Summoning                4
Comestibles
 a - a chunk of flesh
 c - a meat ration
 d - a beef jerky


   Skills:
 - Level 2.6 Dodging
 - Level 2.6 Stealth
 - Level 2.0 Spellcasting
 + Level 4.2 Summonings


You had 3 spell levels left.
You knew the following spells:

 Your Spells              Type           Power        Failure   Level  Hunger
a - Summon Small Mammal   Summ           ###.         4%          1    #......


Dungeon Overview and Level Annotations

Branches:
Dungeon (2/15)

Altars:


Innate Abilities, Weirdness & Mutations

You cannot wear armour.
You are incapable of wielding weapons or throwing items.
You have razor-sharp teeth.
You have supernaturally acute eyesight.
You are carnivorous and can eat meat at any time.
You cover ground quickly.
You are covered in fur (AC +1).
You have a slow metabolism.
Your paws have sharp claws that are effective at stabbing.


Message History

The adder is lightly wounded.
The adder closely misses you.
You miss the adder.
The adder is lightly wounded.
The adder completely misses you.
Your quokka bites the adder.
The adder barely misses you.
You closely miss the adder.
The adder is heavily wounded.
Your quokka closely misses the adder.
The adder bites you.
Ouch! That really hurt!
You are lethally poisoned!
The adder poisons you!
Your quokka closely misses the adder.
Unknown command.
You aren't carrying any potions.
Unknown command.
You closely miss the adder. Your bite misses the adder.
The adder is heavily wounded.
* * * LOW HITPOINT WARNING * * *
You feel sick.
Your rat closely misses the adder.
The adder bites you.
Ouch! That really hurt!
You die...

##### ##### ###
##...## ##...## ##..
##.....###.....###...
#.......#.......#....
#...@...#.......#....
#...S...#.......#....
##.rr..###.....###...
##...## ##...## ##..
####'#######'#######'
#....................
#...........^........
#....................
#..##'#######)#######'


You could see an adder, a friendly quokka and a friendly rat.

Vanquished Creatures
  A bat (D:2)
  A giant newt (D:2)
  A rat (D:2)
3 creatures vanquished.

Vanquished Creatures (collateral kills)
  A goblin (D:2)
  A kobold (D:2)
2 creatures vanquished.

Vanquished Creatures (others)
  2 bats (D:2)
  A rat (D:2)
3 creatures vanquished.

Grand Total: 8 creatures vanquished

Notes
Turn   | Place    | Note
--------------------------------------------------------------
     0 | D:1      | timbw, the Felid Summoner, began the quest for the Orb.
     0 | D:1      | Reached XP level 1. HP: 7/7 MP: 4/4
    30 | D:1      | You fall through a shaft!
   169 | D:2      | Slain by an adder

Action                   || total
-------------------------++-------
Melee: Unarmed           ||     9
 Cast: Summon Small Mamm ||    10
 Stab: Sleeping          ||     1
  Eat: Chunk             ||     3
